 Dungeon Crawl Stone Soup version 0.18-a0-118-g58bf2d5 (webtiles) character file.

52 Duffy the Conjurer (level 3, 22/28 HPs)
             Began as a Naga Fire Elementalist on Nov 18, 2015.
             Quit the game on level 2 of the Dungeon.
             The game lasted 00:01:17 (1241 turns).

Duffy the Conjurer (Naga Fire Elementalist)         Turns: 1241, Time: 00:01:17

Health: 22/28      AC:  3    Str: 10    XL:     3   Next: 85%
Magic:  0/6        EV: 10    Int: 16    God:
Gold:   53         SH:  0    Dex: 11    Spells: 1 memorised, 5 levels left

rFire  . . .     SeeInvis +     (no weapon)
rCold  . . .     Clarity  .     a - +0 robe
rNeg   . . .     SustAt   .     (no shield)
rPois  +         Gourm    .     h - +0 helmet
rElec  .         Spirit   .     (no cloak)
rCorr  .         Warding  .     (no gloves)
rMut   .         Stasis   .     (no barding)
MR     .....                    (no amulet)
Stlth  ++........               (no ring)
                                (no ring)

@: short of breath, very slightly contaminated, very slow, not resistant to
hostile enchantments, unstealthy
A: see invisible, deformed body, poison resistance, slowness 2, slow metabolism
1, spit poison 2, AC +1
a: Spit Poison


You were on level 2 of the Dungeon.
You were very hungry.

You visited 1 branch of the dungeon, and saw 2 of its levels.

You collected 53 gold pieces.


Innate Abilities, Weirdness & Mutations

You cannot wear boots.
Your serpentine skin is tough (AC +1).
You have supernaturally acute eyesight.
Armour fits poorly on your strangely shaped body.
Your system is resistant to poisons.
You cover ground very slowly.
You have a slow metabolism.
You can spit poison.


   Skills:
 - Level 1.5 Dodging
 - Level 3.0 Stealth
 - Level 2.0 Spellcasting
 + Level 3.5 Conjurations
 - Level 3.0 Fire Magic


You had 5 spell levels left.
You knew the following spells:

 Your Spells              Type           Power        Failure   Level  Hunger
a - Flame Tongue          Conj/Fire      ##...        8%          1    #......

Inventory:

Armour
 a - a +0 robe (worn)
 h - a +0 helmet (worn)
Scrolls
 e - a scroll of teleportation {unknown}
 g - a scroll of magic mapping {unknown}
Potions
 d - a potion of curing {unknown}
 f - a potion of mutation {unknown}
Books
 b - a book of Flames
Comestibles
 c - 2 bread rations

Dungeon Overview and Level Annotations

Branches:
Dungeon (2/15)

Altars:


Message History

Cast which spell? (? or * to list)
Aiming: Flame Tongue
Press: ? - help, Shift-Dir - straight line, f/p - adder
Aim: an adder (severely wounded)
The flame tongue hits the adder.
The adder appears unharmed.
The adder is severely wounded.
The adder completely misses you.
Cast which spell? (? or * to list)
Aiming: Flame Tongue
Press: ? - help, Shift-Dir - straight line, f/p - adder
Aim: an adder (severely wounded)
You miscast Flame Tongue.
You are very lightly contaminated with residual magic.
Nothing appears to happen.
The adder bites you but does no damage. The adder bites you.
Cast which spell? (? or * to list)
Aiming: Flame Tongue
Press: ? - help, Shift-Dir - straight line, f/p - adder
Aim: an adder (severely wounded)
The flame tongue misses the adder.
The adder bites you.
Cast which spell? (? or * to list)
You don't have enough magic to cast that spell.
Cast which spell? (? or * to list)
You don't have enough magic to cast that spell.
The adder bites you.
Okay, then.
Press: ? - help, Shift-Dir - straight line, f/p - adder
Aim: an adder (severely wounded)
The splash of poison hits the adder.
The adder is poisoned.
You kill the adder!
You are feeling very hungry.
Unknown command.
Drink which item? (? for menu, Esc to quit)
Okay, then.
Are you sure you want to abandon this character and quit the game? (Confirm with "yes".)

#.# #.# #.#
#.##.
##.####<##.
#####.......##.
.....#.#######.
######...# #. ##
###.# #. .## #.#
#.#### #.## #.#
#..@.# .#.## #.#
####.# ..#.##
#.# #.#
...#.###.# #.#
....###..## #.#
..........## #.#
####.#.....# #.#
#.##.#..# #.#
#.##..#.######.#


There were no monsters in sight!

Action                   || total
-------------------------++-------
 Cast: Flame Tongue      ||    54
 Abil: Spit Poison       ||     1

Notes
Turn   | Place    | Note
--------------------------------------------------------------
     0 | D:1      | Duffy the Naga Fire Elementalist began the quest for the Orb.
     0 | D:1      | Reached XP level 1. HP: 15/15 MP: 3/3
   179 | D:1      | Reached skill level 2 in Conjurations
   179 | D:1      | Reached XP level 2. HP: 22/22 MP: 0/5
   612 | D:1      | Reached XP level 3. HP: 28/28 MP: 3/6
   766 | D:1      | Reached skill level 3 in Conjurations
  1241 | D:2      | Quit the game

Vault maps used:
D:1:      mrwooster_arrival_statue_2, grunt_decor_resistance
D:2:      wad_pebble_path

Vanquished Creatures
  2 adders
  A gnoll
  A giant gecko
  3 giant cockroaches
  5 hobgoblins
  2 jackals
  2 kobolds
  3 bats
  A giant newt
  A goblin
  3 rats
24 creatures vanquished.
